 Dungeon Crawl Stone Soup version 0.31.0-4-g52a2dc7128 (webtiles) character file.

Game seed: 773748111935460712

7908 Aviak the Mimic (level 11, -2/76 HPs)
             Began as an Octopode Shapeshifter on Jan 22, 2024.
             Was an Initiate of Ashenzari.
             Slain by an acid dragon (8 damage)
             ... on level 10 of the Dungeon.
             The game lasted 00:22:33 (11078 turns).

Aviak the Mimic (Octopode Shapeshifter)            Turns: 11078, Time: 00:22:34

Health: -2/76      AC:  1    Str: 13    XL:     11   Next: 22%
Magic:  11/11      EV: 21    Int: 13    God:    Ashenzari [......]
Gold:   551        SH:  0    Dex: 16    Spells: 10/10 levels left

rFire   . .          .
                       - Unarmed
rCold   . . .        (shield currently unavailable)
rNeg    . . .        (helmet restricted)
rPois   .            (no amulet)
rElec   .            (no ring)
rCorr   .            (no ring)
SInv    .            (no ring)
Will    .....        (no ring)
Stlth   +            (no ring)
HPRegen 0.32/turn    (no ring)
MPRegen 0.12/turn    (no ring)
                     (no ring)

%: no passive effects
@: flux-form, glowing
A: glow, contaminating, almost no armour, amphibious, 8 rings, camouflage 1,
gelatinous body 1, (nimble swimmer 1), tentacles
a: Begin Untransformation, Renounce Religion, Curse Item


You were on level 10 of the Dungeon.
You worshipped Ashenzari.
Ashenzari was noncommittal.
You were something dangerously unstable.
You visited 1 branch of the dungeon, and saw 10 of its levels.

You collected 551 gold pieces.

Inventory:

Missiles
 j - a throwing net (quivered) {!f}
Jewellery
 A - a ring of fire
Talismans
 b - a beast talisman
 d - a flux talisman (active)
Wands
 m - a wand of flame (30)
 p - a wand of polymorph (9)
 r - a wand of acid (14)
Scrolls
 e - a scroll of revelation
 f - 2 scrolls of enchant armour
 h - a scroll of silence {unknown}
 i - 2 scrolls of identify
 k - 2 scrolls of enchant weapon {unknown}
 n - 2 scrolls of poison {unknown}
 o - 4 scrolls of fear {unknown}
 t - 3 scrolls of teleportation
 v - a scroll of brand weapon {unknown}
 w - a scroll of vulnerability {unknown}
 x - a scroll of blinking
Potions
 a - 2 potions of cancellation {unknown}
 c - 2 potions of curing
 g - a potion of mutation {unknown}
 l - 3 potions of enlightenment
 q - a potion of attraction
 s - a potion of brilliance {unknown}
 u - a potion of invisibility {unknown}
 z - a potion of haste {unknown}


   Skills:
 + Level 7.7 Fighting
 + Level 8.1 Dodging
 + Level 8.3 Unarmed Combat
 + Level 10.2 Shapeshifting


You had 10 spell levels left.
You didn't know any spells.
Your spell library contained the following spells:

 Spells                   Type           Power      Damage    Failure   Level
 Apportation              Tloc           0%         N/A       30%         1
 Kiss of Death            Conj/Necr      0%         2d5       30%         1
 Blink                    Tloc           0%         N/A       43%         2
 Confusing Touch          Hex            0%         N/A       67%         3
 Gell's Gravitas          Tloc           0%         N/A       67%         3
 Summon Ice Beast         Ice/Summ       0%         N/A       67%         3
 Teleport Other           Tloc           0%         N/A       67%         3
 Dispel Undead            Necr           0%         3d6       97%         4
 Ignite Poison            Fire/Alch      0%         N/A       97%         4
 Sticky Flame             Fire/Alch      0%         2d4       97%         4
 Summon Forest            Summ/Tloc      0%         N/A       100%        5
 Summon Mana Viper        Hex/Summ       0%         N/A       100%        5
 Dispersal                Tloc           0%         N/A       100%        6
 Summon Cactus Giant      Summ           0%         N/A       100%        6
 Ignition                 Fire           0%         3d3       100%        8
 Summon Horrible Things   Summ           0%         N/A       100%        8


Dungeon Overview and Level Annotations

Branches:
Dungeon (10/15)            Temple (0/1) D:7
   Lair: D:8-11         Orc: D:9-12

Altars:
Ashenzari
Cheibriados
Dithmenos
Fedhas
Makhleb
Nemelex Xobeh
Okawaru
Qazlal
Ru
Trog
Xom
Zin

Shops:
D:5 *   D:8 *


Innate Abilities, Weirdness & Mutations

You are something dangerously unstable.
You glow with magical radiation, making you easy to see and hit.
Foes you strike become dangerously contaminated with magical radiation.
You are incapable of wielding weapons or throwing items.
You cannot wear most types of armour.
You are amphibious.
You can wear up to eight rings at the same time.
Your skin changes colour to match your surroundings (Stealth+).
Your rubbery body absorbs attacks. (AC +1, EV +1)
((You are camouflaged when in or above water. (Stealth+)))
You have tentacles for arms and can constrict up to eight enemies at once.


Message History

You tentacle-slap the yak.
The yak begins to glow.
The yak is lightly wounded.
The yak misses you.
You tentacle-slap the yak but do no damage.
The yak glows dangerously bright.
You squeeze the yak.
The yak is lightly wounded.
The yak gores you!!
You tentacle-slap the yak but do no damage.
The yak shudders as magic cascades through it!
The yak twists and deforms.
You squeeze the yak!
The yak is heavily wounded.
You tentacle-slap the yak.
The yak begins to glow.
You squeeze the yak.
The yak is heavily wounded.
The yak misses you.
Aiming: Corrosive Bolt
Press: ? - help, Shift-Dir - straight line, f - acid dragon
Aim: an acid dragon (71% to hit)
The bolt of acid hits the yak!
The yak is almost dead.
The bolt of acid hits the acid dragon!
The acid dragon is moderately wounded.
The yak completely misses you.
You tentacle-slap the yak.
You kill the yak!
You tentacle-slap the acid dragon but do no damage.
The acid dragon begins to glow.
The acid dragon is moderately wounded.
The acid dragon spits acid at you. The splash of acid hits you!!
* * * LOW HITPOINT WARNING * * *
You hear an angry buzzing noise.
You barely miss the acid dragon.
The acid dragon is moderately wounded.
The acid dragon completely misses you. The acid dragon barely misses you.
You tentacle-slap the acid dragon.
The acid dragon glows dangerously bright.
You squeeze the acid dragon, but do no damage.
The acid dragon is heavily wounded.
The acid dragon bites you!
You die...

...... .# #..
.)..# +.. ...#
#.. ...## #..
... ### ..#
########.#
......Dp.#
########.#
#.### #...##
###..##
##..#######.#
#....)......#
#.###...#######
#. ###.#......


You could see an acid dragon (heavy contam, catching breath).

Vanquished Creatures
  Pikel (D:7)
  Maurice (D:7)
  Joseph (D:7)
  A troll (D:9)
  Sigmund (D:6)
  A shadow (D:8)
  A wyvern (D:10)
  A vampire (D:9)
  10 yaks
  4 vampire mosquitoes
  2 steam dragons
  Menkaure (D:7)
  Edmund (D:6)
  3 water moccasins
  2 sky beasts (D:7)
  An orc warrior (D:8)
  2 centaurs
  3 lemures (D:7)
  A phantom (D:5)
  3 bullfrogs
  3 kobold brigands
  2 scorpions
  9 wights (D:8)
  3 killer bees (D:10)
  An electric eel (D:8)
  8 howler monkeys
  3 bombardier beetles
  Crazy Yiuf (D:4)
  2 hounds
  2 jellies (D:6)
  8 orc priests
  Natasha (thrice) (D:2)
  12 orc wizards
  A sleepcap (D:8)
  3 iguanas
  Robin (D:3)
  7 gnolls
  7 adders
  A shadow imp (D:7)
  A white imp (D:5)
  2 ufetubi (D:7)
  4 dart slugs
  2 ribbon worms
  42 orcs
  6 ball pythons
  5 endoplasms
  3 giant cockroaches
  14 goblins
  4 hobgoblins
  15 kobolds
  6 quokkas
  6 bats
  5 frilled lizards
  7 rats
240 creatures vanquished.

Notes
Turn   | Place    | Note
-------+----------+-------------------------------------------
     0 | D:1      | Aviak the Octopode Shapeshifter began the quest for the
                  | Orb.
     0 | D:1      | Reached XP level 1. HP: 13/13 MP: 1/1
    88 | D:1      | Got Lamap's Almanac of Attendants and Elsewhere
   229 | D:1      | Reached XP level 2. HP: 18/18 MP: 2/2
   728 | D:2      | Noticed Natasha
   808 | D:2      | Killed Natasha
   809 | D:2      | Reached XP level 3. HP: 16/24 MP: 3/3
  1014 | D:2      | Found a faded altar of an unknown god.
  1031 | D:2      | Prayed at the altar of an unknown god.
  1031 | D:2      | Became a worshipper of Ashenzari the Shackled
  1050 | D:2      | Reached XP level 4. HP: 29/29 MP: 4/4
  1315 | D:2      | Reached XP level 5. HP: 17/35 MP: 5/5
  1476 | D:2      | Noticed Natasha
  1497 | D:2      | Killed Natasha
  1534 | D:2      | Noticed Natasha
  1540 | D:2      | Killed Natasha
  2028 | D:3      | Reached skill level 4 in Shapeshifting
  2032 | D:3      | Found a sparkling altar of Nemelex Xobeh.
  2086 | D:3      | Found a burning altar of Makhleb.
  2161 | D:3      | Reached XP level 6. HP: 35/41 MP: 6/6
  2656 | D:3      | Found a stormy altar of Qazlal.
  2768 | D:3      | Noticed Robin
  2790 | D:3      | Killed Robin
  3160 | D:4      | Found a sacrificial altar of Ru.
  3232 | D:4      | Reached XP level 7. HP: 40/46 MP: 7/7
  3672 | D:4      | Found a runed translucent door.
  3673 | D:4      | Noticed Crazy Yiuf
  3686 | D:4      | Killed Crazy Yiuf
  3764 | D:5      | Entered Level 5 of the Dungeon
  3794 | D:5      | Found a glowing silver altar of Zin.
  3798 | D:5      | Found Zin's Purification Station.
  4083 | D:5      | Reached skill level 5 in Unarmed Combat
  4342 | D:5      | Reached skill level 5 in Shapeshifting
  4342 | D:5      | Reached XP level 8. HP: 54/54 MP: 8/8
  4785 | D:5      | Reached skill level 5 in Dodging
  4874 | D:6      | Reached skill level 6 in Shapeshifting
  5395 | D:6      | Reached skill level 7 in Shapeshifting
  6080 | D:7      | Found a staircase to the Ecumenical Temple.
  6278 | D:7      | Noticed Joseph
  6295 | D:7      | Killed Joseph
  6296 | D:7      | Reached skill level 8 in Shapeshifting
  6296 | D:7      | Reached XP level 9. HP: 10/58 MP: 9/9
  6476 | D:7      | Noticed Maurice
  6491 | D:7      | Found an iron altar of Okawaru.
  6492 | D:7      | Found a shadowy altar of Dithmenos.
  6516 | D:7      | Noticed Menkaure
  6521 | D:7      | Noticed Pikel
  6522 | D:7      | Killed Maurice
  6568 | D:7      | Noticed Edmund
  6579 | D:6      | Killed Edmund
  6604 | D:7      | Noticed Sigmund
  6703 | D:7      | Reached skill level 5 in Fighting
  7137 | D:6      | Killed Sigmund
  7298 | D:7      | Killed Pikel
  7299 | D:7      | Reached skill level 9 in Shapeshifting
  7472 | D:7      | Found a blossoming altar of Fedhas.
  7486 | D:7      | Killed Menkaure
  7487 | D:7      | Reached XP level 10. HP: 41/68 MP: 10/10
  7586 | D:7      | Found a snail-covered altar of Cheibriados.
  8198 | D:8      | Found Fugepp's Elemental Accessories.
  9115 | D:8      | Found a bloodstained altar of Trog.
  9429 | D:8      | Found a shimmering altar of Xom.
  9745 | D:9      | HP: 2/69 [steam dragon/ball of steam (13)]
 10099 | D:9      | Reached skill level 10 in Shapeshifting
 10355 | D:9      | Reached XP level 11. HP: 75/75 MP: 11/11
 10762 | D:10     | Entered Level 10 of the Dungeon
 11078 | D:10     | Slain by an acid dragon

Illustrated notes

Levels and vault maps discovered:
D:1:      dpeg_arrival_refuge, layout_basic
D:2:      layout_basic, shapermc_ecumenical_altar_ellora, minmay_hexomino_p4,
          uniq_natasha
D:3:      layout_loops_corners, mainiacjoe_overflow_small_starburst,
          mainiacjoe_overflow_brackets, mainiacjoe_overflow_chevrons, uniq_robin
D:4:      layout_rooms, nicolae_overflow_crystal_walls, uniq_crazy_yiuf_cottage
D:5:      layout_loops_ring, zin_purify, small_statue_intersection
D:6:      layout_cave_pods, chequers_serial_rivers_marsh
D:7:      layout_basic, fedhas_ov_isle_minmay, lemuel_round_altar,
          gammafunk_temple_overflow_pools, minmay_temple_entry_trees,
          sigmund_edmund_badplayer, uniq_pikel, uniq_joseph, uniq_maurice,
          uniq_menkaure
D:8:      layout_basic, mainiacjoe_overflow_big_doors, serial_bayou_pond_b,
          nicolae_elemental_shop
D:9:      layout_loops_ring, serial_park_tiny_2
D:10:     layout_basic, orc_0_dummy

Skill      XL: |  1  2  3  4  5  6  7  8  9 10 11 |
---------------+----------------------------------+-----
Fighting       | 2 3 4 5 7 |  7.7
Dodging        | 3 4 5 6 7 8 |  8.1
Unarmed Combat | 4 5 6 8 |  8.3
Shapeshifting  | 4 5 8 9 10 | 10.2

Action                     |  1- 3 |  4- 6 |  7- 9 | 10-12 || total
---------------------------+-------+-------+-------+-------++-------
  Melee: Unarmed           |    51 |   144 |   221 |   243 ||   659
         Constrict         |    13 |    34 |    51 |    51 ||   149
         Punch             |     2 |     2 |     5 |       ||     9
         Tentacles         |     5 |    22 |    62 |    75 ||   164
  Evoke: Wand              |       |       |     2 |    20 ||    22
    Use: Scroll            |       |       |     8 |     3 ||    11
         Potion            |       |       |     3 |       ||     3
   Stab: Sleeping          |     5 |     6 |     6 |       ||    17
 Armour: Skin              |    24 |    60 |   106 |    95 ||   285
  Dodge: Dodged            |    25 |    88 |   121 |   190 ||   424
   Form: Beast             |     1 |       |       |       ||     1
         Flux              |       |       |     1 |       ||     1
